 Dungeon Crawl Stone Soup version 0.20.0-4-g10b340a (webtiles) character file.

497 hittemv20vhard the Poker (level 6, 0/53 HPs)
             Began as a Centaur Warper on May 27, 2017.
             Succumbed to an orc wizard's poison
             ... on level 4 of the Dungeon.
             The game lasted 00:11:42 (5117 turns).

hittemv20vhard the Poker (Centaur Warper)           Turns: 5117, Time: 00:11:43

Health: 0/53       AC:  5    Str: 15    XL:     6   Next: 93%
Magic:  8/8        EV: 13    Int: 12    God:
Gold:   92         SH:  4    Dex: 12    Spells: 8/8 levels left

rFire    . . .     SeeInvis .   a - +0 spear
rCold    . . .     Gourm    .   (no shield)
rNeg     . . .     Faith    .   w - +0 ring mail
rPois    +         Spirit   .   (no helmet)
rElec    .         Reflect  .   (no cloak)
rCorr    .         Harm     .   (no gloves)
MR       .....     Clarity  +   (no barding)
Stlth    +.........             (no amulet)
Regen    0.2/turn               P - ring of poison resistance
MPRegen  0.2/turn               (no ring)

@: agile, lethally poisoned (0 -> -7), slowed
A: hooves 3, large bone plates 1, clarity, clumsy 1, deformed body, speed 2,
tough skin 3, evolution 1
a: no special abilities


You were on level 4 of the Dungeon.
You were not hungry.

You visited 1 branch of the dungeon, and saw 4 of its levels.

You collected 92 gold pieces.

Inventory:

Hand Weapons
 a - a +0 spear (weapon)
 l - a +0 hand axe of electrocution
Missiles
 e - 5 tomahawks of dispersal {=f}
 o - 7 javelins
 u - 17 poisoned needles
 Q - 122 stones (quivered)
Armour
 w - a +0 ring mail (worn)
Jewellery
 P - a ring of poison resistance (left hand)
Scrolls
 g - 4 scrolls of teleportation {unknown}
 n - 2 scrolls of remove curse {unknown}
 p - a scroll of random uselessness {unknown}
 r - 4 scrolls of recharging
 B - 2 scrolls of blinking {!r}
Potions
 h - 2 potions of resistance
 k - 2 potions of flight
Books
 c - a book of Spatial Translocations
Comestibles
 b - 2 chunks of flesh
 f - 3 bread rations
 i - a fruit
 j - 2 royal jellies
 t - 2 meat rations


   Skills:
 + Level 4.5 Fighting
 * Level 5.7 Polearms
 - Level 1.1 Throwing
 - Level 0.6 Armour
 - Level 1.3 Dodging
 - Level 1.5 Spellcasting
   Level 2.6 Translocations


You had 8 spell levels left.
You didn't know any spells.

Dungeon Overview and Level Annotations

Branches:
Dungeon (4/15)
 Temple: D:4-7

Altars:
Ashenzari

Annotations:
D:3 Nattefrost's ghost, amateur CeHu
D:4 exclusions: door and upstairs


Innate Abilities, Weirdness & Mutations

You have hooves in place of feet.
Armour fits poorly on your strangely shaped body.
You cover ground very quickly.
You have extremely tough skin. (AC +3)
You are partially covered in large bone plates. (SH +4)
You possess an exceptional clarity of mind.
You are clumsy. (Dex -2)
You evolve.


Message History

* * * LOW HITPOINT WARNING * * *
You feel sick. The orc wizard barely misses you. The orc wizard misses you.
You take 1 damage, and have 3/53 hp.
Okay, then.
Okay, then.
Unknown command.
You closely miss the orc wizard.
You kick the orc wizard, but do no damage.
* * * LOW HITPOINT WARNING * * *
You feel sick. The orc wizard closely misses you.
The orc wizard barely misses you.
You take 2 damage, and have 1/53 hp.
Okay, then.
Really quaff
d - a potion of mutation {!q}?
You feel extremely strange.
Your thoughts seem clearer.
You feel nature experimenting on you.
Don't worry, failures die fast.
You feel clumsy.
Large bone plates grow over parts of your arms.
You die...

.....# .# #.#
#..#)# ##.# #.#
#..#.###... #.#
#..#...#.# ### #.#
#.)#.....#.#.# #.#
#).#..†..#...# #.#
#..#.#...#.#.#.#)#
#..###.........#.#
#.........P....#@#
#..###...####P.#o#
#.####...'%.# ..#
#...##...#..# .###
###.##..P####..
....##...P.....
....)..((......
#####........##
......#.######


You could see an orc wizard.

Vault maps used:
D:1:      saegor_arrival_simple_a, minmay_vboxes
D:2:      grunt_ashenzari_visionary
D:3:      first_bread, uniq_grinder
D:4:      corexii_shack

Notes
Turn   | Place    | Note
-------+----------+-------------------------------------------
     0 | D:1      | hittemv20vhard the Centaur Warper began the quest for the Orb.
     0 | D:1      | Reached XP level 1. HP: 17/17 MP: 3/3
    20 | D:1      | Reached skill level 2 in Polearms
   124 | D:1      | Reached XP level 2. HP: 23/25 MP: 4/4
   513 | D:1      | Reached XP level 3. HP: 30/30 MP: 5/5
   802 | D:1      | Identified 3 scrolls of identify
   802 | D:1      | Identified 2 potions of flight
   803 | D:1      | Identified a potion of mutation
   804 | D:1      | Identified a potion of resistance
   935 | D:2      | Identified 2 potions of berserk rage
   943 | D:2      | Found a shattered altar of Ashenzari.
   947 | D:2      | Saw a vision of the Swamp and the Spider Nest.
   947 | D:2      | Noticed a swamp drake
   947 | D:2      | Noticed a redback
   947 | D:2      | Noticed a redback
   947 | D:2      | Noticed a redback
   947 | D:2      | Noticed a hornet
   947 | D:2      | Noticed a water moccasin
   948 | D:2      | Noticed an alligator
   949 | D:2      | Noticed a swamp drake
  1096 | D:2      | Reached skill level 3 in Polearms
  1833 | D:2      | Reached XP level 4. HP: 18/37 MP: 6/6
  2061 | D:3      | Reached skill level 3 in Fighting
  2349 | D:3      | HP: 8/38 [adder (2)]
  2350 | D:3      | Identified 2 potions of agility
  2352 | D:3      | Identified a potion of ambrosia
  2419 | D:3      | Noticed Nattefrost's ghost (amateur CeHu)
  2681 | D:2      | Identified a +0 ring mail (You took it off an orc on level 2 of the Dungeon)
  3401 | D:3      | Noticed Grinder
  3471 | D:3      | Killed Grinder
  3471 | D:3      | Reached skill level 4 in Fighting
  3471 | D:3      | Reached skill level 5 in Polearms
  3471 | D:3      | Reached XP level 5. HP: 46/46 MP: 7/7
  3471 | D:3      | Reached XP level 6. HP: 52/52 MP: 8/8
  3764 | D:3      | Identified a ring of poison resistance (You found it on level 3 of the Dungeon)
  3833 | D:3      | Identified 2 scrolls of amnesia
  4062 | D:4      | HP: 12/52 [iguana (5)]
  4072 | D:4      | HP: 4/52 [iguana (10)]
  4087 | D:4      | HP: 6/78 [hound (2)]
  4788 | D:4      | Identified 4 scrolls of recharging
  5113 | D:4      | HP: 13/53 [orc wizard/dagger of venom (3)]
  5114 | D:4      | HP: 4/53 [orc wizard/dagger of venom (4)]
  5115 | D:4      | Identified a potion of magic
  5116 | D:4      | HP: 1/53 [poisoned by an orc wizard]
  5117 | D:4      | Gained mutation: You possess an exceptional clarity of mind. [potion of mutation]
  5117 | D:4      | Gained mutation: You evolve. [potion of mutation]
  5117 | D:4      | Gained mutation: You are clumsy. (Dex -2) [potion of mutation]
  5117 | D:4      | Gained mutation: You are partially covered in large bone plates. (SH +4) [potion of mutation]
  5117 | D:4      | Succumbed to an orc wizard's poison

Table legend:
 A = Turns spent in this place as a percentage of turns spent in the entire game.
 B = Non-inter-level travel turns spent in this place as a percentage of non-inter-level travel turns spent in the entire game.
 C = Inter-level travel turns spent in this place as a percentage of turns spent in this place.
 D = Turns resting spent in this place as a percentage of non-inter-level travel turns spent in this place.
 E = Turns spent auto-exploring this place as a percentage of non-inter-level travel turns spent in this place.
 F = Non-inter-level travel turns spent in this place divided by the number of levels of this place that you've seen.
                   A       B       C       D       E      F
               +-------+-------+-------+-------+-------+----------------------
         Total | 100.0 | 100.0 |   0.3 |   2.5 |   7.9 | 307.2
       Dungeon | 100.0 | 100.0 |   0.3 |   2.5 |   7.9 | 307.2
               +-------+-------+-------+-------+-------+----------------------

Table legend:
 A = Kills in this place as a percentage of kills in entire the game.
 B = Kills by you in this place as a percentage of kills by you in the entire game.
 C = Kills by friends in this place as a percentage of kills by friends in the entire game.
 D = Other kills in this place as a percentage of other kills in the entire game.
 E = Experience gained in this place as a percentage of experience gained in the entire game.
 F = Experience gained in this place divided by the number of levels of this place that you have seen.
                   A       B       C       D       E      F
               +-------+-------+-------+-------+-------+----------------------
         Total | 100.0 | 100.0 |  -nan |  -nan | 100.0 | 177.8
       Dungeon | 100.0 | 100.0 |  -nan |  -nan | 100.0 | 177.8
               +-------+-------+-------+-------+-------+----------------------

Skill      XL: |  1  2  3  4 |
---------------+-------------+-----
Polearms       | 2 3 5 |  5.7
Fighting       | 4 |  4.5
Throwing       | |  1.1
Armour         | |  0.6
Dodging        | |  1.3
Spellcasting   | |  1.5
Translocations | |  2.6

Action                   |  1- 3 |  4- 6 || total
-------------------------+-------+-------++-------
Melee: Spear             |   139 |   318 ||   457
       Kick              |    13 |    55 ||    68
Throw: Stone             |    38 |    15 ||    53
  Use: Scroll            |     4 |     2 ||     6
       Potion            |       |     7 ||     7
  Eat: Chunk             |     2 |     6 ||     8
       Royal jelly       |       |     2 ||     2
Armor: Leather armour    |    37 |    20 ||    57
       Ring mail         |       |    68 ||    68
Dodge: Dodged            |    47 |   100 ||   147

Vanquished Creatures
  Grinder (D:3)
  A hound (D:4)
  4 orc wizards (D:4)
  6 adders
  2 oozes
  An adder skeleton (D:4)
  A worm (D:4)
  5 dart slugs
  4 leopard geckos
  9 orcs
  3 giant cockroaches
  9 goblins
  9 hobgoblins
  7 jackals
  2 quokkas
  A ball python (D:2)
  4 bats
  4 frilled lizards
  8 kobolds
  6 rats
87 creatures vanquished.

Vanquished Creatures (others)
  A plant (D:2)
1 creature vanquished.

Grand Total: 88 creatures vanquished
